 Dungeon Crawl Stone Soup version 0.19-a0 (webtiles) character file.

77 Mefis the Magician (level 4, 0/24 HPs)
             Began as a Deep Elf Wizard on Apr 27, 2016.
             Slain by Crazy Yiuf
             ... wielding a +4 quarterstaff of chaos
              (9 damage)
             ... on level 2 of the Dungeon.
             The game lasted 00:07:33 (2042 turns).

Mefis the Magician (Deep Elf Wizard)                Turns: 2042, Time: 00:07:33

Health: 0/24       AC:  3    Str:  4    XL:     4   Next: 14%
Magic:  0/13       EV: 13    Int: 24    God:
Gold:   97         SH:  0    Dex: 13    Spells: 6 memorised, 0 levels left

rFire  . . .     SeeInvis .     k - +1 hunting sling (velocity)
rCold  . . .     Gourm    .     a - +0 robe
rNeg   . . .     Faith    .     (no shield)
rPois  .         Spirit   +     b - +0 hat
rElec  .         Dismiss  .     i - +0 cloak
rCorr  .         Reflect  .     (no gloves)
SustAt .         Harm     .     (no boots)
MR     .....                    q - amulet of guardian spirit
Stlth  +.........               (no ring)
                                (no ring)

@: confused, repel missiles, not resistant to hostile enchantments, very
unstealthy
A: no striking features
a: no special abilities


You were on level 2 of the Dungeon.
You were not hungry.

You visited 1 branch of the dungeon, and saw 2 of its levels.

You collected 97 gold pieces.

Inventory:

Hand Weapons
 k - a +1 hunting sling of velocity (weapon)
Missiles
 l - 31 stones (quivered)
 r - 18 sling bullets
 s - 6 javelins
Armour
 a - a +0 robe (worn)
 b - a +0 hat (worn)
 i - a +0 cloak (worn)
Jewellery
 q - an amulet of guardian spirit (around neck)
Wands
 n - a wand of random effects (40/48)
Scrolls
 e - a scroll of magic mapping {unknown}
 h - 2 scrolls of identify {unknown}
 j - a scroll of remove curse {unknown}
 o - a scroll of enchant armour {unknown}
Potions
 g - 2 potions of might {unknown}
Books
 c - a book of Minor Magic

   Spells                             Type                      Level
   a - Magic Dart                     Conjuration                  1
   b - Blink                          Translocation                2
   c - Call Imp                       Summoning                    2
   d - Repel Missiles                 Charms/Air                   2
   e - Slow                           Hexes                        2
   f - Conjure Flame                  Conjuration/Fire             3
   g - Mephitic Cloud                 Conjuration/Poison/Air       3
Comestibles
 d - a bread ration
 m - a slice of pizza
 p - a meat ration


   Skills:
 + Level 0.8 Throwing
 + Level 3.3 Dodging
 + Level 3.0 Stealth
 + Level 5.1 Spellcasting
 + Level 1.8 Conjurations
 + Level 1.4 Summonings
 + Level 1.7 Translocations
 + Level 0.0 Fire Magic
 + Level 0.0 Poison Magic


You couldn't memorise any spells.
You knew the following spells:

 Your Spells              Type           Power        Failure   Level  Hunger
a - Magic Dart            Conj           ##..         4%          1    None
b - Call Imp              Summ           ##......     10%         2    None
c - Blink                 Tloc           N/A          10%         2    None
d - Repel Missiles        Chrm/Air       #.....       14%         2    None
e - Mephitic Cloud        Conj/Pois/Air  #.......     24%         3    ##.....
f - Conjure Flame         Conj/Fire      ##......     21%         3    ##.....


Dungeon Overview and Level Annotations

Branches:
Dungeon (2/15)

Altars:
Xom

Annotations:
D:2 Crazy Yiuf


Message History

Crazy Yiuf grits, "Island turtle mobile!"
Casting: Magic Dart
Confirm with . or Enter, or press ? or * to list all spells.
Aiming: Mephitic Cloud
Press: ? - help, Shift-Dir - straight line, f - you The ball explodes into a vile cloud!
The stinking cloud engulfs you!
You are engulfed in noxious fumes.
You choke on the stench!
You are confused.
You are engulfed in noxious fumes.
You choke on the stench!
You are more confused.
You bump into the tree.
You are engulfed in noxious fumes.
You choke on the stench!
You are more confused.
You bump into the tree.
You are engulfed in noxious fumes.
You choke on the stench!
You are more confused.
Crazy Yiuf hits you with a quarterstaff of chaos!
You bump into the tree.
Crazy Yiuf hits you with a quarterstaff of chaos!
You die...

##...# #..<.##.# #.# ###..#
#.##.##.# ###.# .....#
######### #...# ...#.##
##### ...#..# ...#..## ###
♣#### ...#..†## #)..#♣♣
♣♣♣.#.## ####....#
#...§g♣♣♣♣......# ###..#
#...#♣@.♣.......# ####÷# ###
♣♣♣.♣...##.####### #....#
♣♣♣♣♣###........ #....#
#####.### #....#####
######### #.# #.......^#
#.......# #.# #........#
#...###.######.# #........#
#..............#
#........#.##)..>...########


You could see Crazy Yiuf.

Vanquished Creatures
  3 adders (D:2)
  2 dart slugs (D:2)
  2 giant geckos
  2 giant cockroaches (D:2)
  7 goblins
  3 hobgoblins
  A quokka (D:2)
  6 bats
  3 giant newts
  8 kobolds
  6 rats
  A butterfly (D:2)
44 creatures vanquished.

Vanquished Creatures (collateral kills)
  A worm (D:2)
  A hobgoblin (D:2)
2 creatures vanquished.

Grand Total: 46 creatures vanquished

Notes
Turn   | Place    | Note
--------------------------------------------------------------
     0 | D:1      | Mefis the Deep Elf Wizard began the quest for the Orb.
     0 | D:1      | Reached XP level 1. HP: 10/10 MP: 7/7
   225 | D:1      | Reached XP level 2. HP: 15/15 MP: 6/9
   229 | D:1      | Learned a level 2 spell: Call Imp
   232 | D:1      | Learned a level 2 spell: Blink
   235 | D:1      | Learned a level 2 spell: Repel Missiles
   732 | D:2      | Found a shimmering altar of Xom.
  1039 | D:2      | Reached XP level 3. HP: 18/19 MP: 9/11
  1044 | D:2      | Learned a level 3 spell: Mephitic Cloud
  1049 | D:2      | Reached skill level 5 in Spellcasting
  1745 | D:2      | Reached XP level 4. HP: 22/24 MP: 2/13
  1750 | D:2      | Learned a level 3 spell: Conjure Flame
  2035 | D:2      | Noticed Crazy Yiuf
  2042 | D:2      | Slain by Crazy Yiuf

Vault maps used:
D:1:      dpeg_arrival_tiny_f
D:2:      nicolae_overflow_hidden_temple, xom_butterflies,
          uniq_crazy_yiuf_cottage

Skill      XL: |  1  2  3  4 |
---------------+-------------+-----
Dodging        | 3 |  3.3
Spellcasting   | 5 |  5.1
Stealth        | 3 |  3.0
Throwing       | |  0.8
Conjurations   | |  1.8
Summonings     | |  1.4
Translocations | |  1.7

Action                   |  1- 3 |  4- 6 || total
-------------------------+-------+-------++-------
Melee: Unarmed           |     1 |       ||     1
 Fire: Hunting sling     |    12 |       ||    12
 Cast: Magic Dart        |    92 |    16 ||   108
       Repel Missiles    |     1 |       ||     1
       Call Imp          |     3 |       ||     3
       Mephitic Cloud    |     1 |     2 ||     3
  Use: Potion            |     2 |       ||     2
 Stab: Sleeping          |     1 |       ||     1
  Eat: Chunk             |     2 |     1 ||     3
Armor: Robe              |     1 |       ||     1
Dodge: Dodged            |    10 |     2 ||    12
